AoeStats
← -J&R- bandit

Arena

506615761Analyzed
4v4 RM · 17d ago on Sep 14, 2026· 51m 18s· 8 players
Game mode
Random Map
Map size
Large (8 player)
Population
200
Speed
Normal
Resources
Standard
Victory
Conquest
Starting age
Dark Age
Ending age
Imperial Age
RankedLock teamsTeams togetherTeam positionsShared explorationLock speedFull tech treeHidden civsTurbo modeCheats
Victory
Defeat
🇳🇱 Persians · Netherlands
1065
+13
🇹🇼 Vietnamese · Taiwan
994
+16
🇨🇳 Tatars · China
993
+16
🇹🇷 Magyars · Türkiye
977
+17
🇹🇼 Mongols · Taiwan
1125
-20
🇹🇼 Slavs · Taiwan
1119
-20
🇭🇰 Aztecs · Hong Kong SAR China
927
-13
🇦🇷 Georgians · Argentina
830
-9
aragorn
2:18 Loom
12:08 Feudal Age
14:00 Wheelbarrow
17:36 Castle Age
16:36 Double-Bit Axe
16:56 Stone Mining
18:21 Horse Collar
22:35 Heavy Plow
24:20 Bow Saw
27:48 Gold Mining
35:04 Imperial Age
32:56 Murder Holes
33:19 Bloodlines
33:10 Fletching
33:20 Padded Archer Armor
33:45 Ballistics
33:49 Corvinian Army
34:03 Husbandry
33:30 Light Cavalry
34:54 Scale Barding Armor
36:13 Thumb Ring
36:08 Bodkin Arrow
37:45 Parthian Tactics
38:07 Leather Archer Armor
39:01 Bracer
39:32 Ring Archer Armor
39:55 Hand Cart
40:15 Crop Rotation
41:31 Recurve Bow
43:57 Chain Barding Armor
44:12 Heavy Cavalry Archer
47:15 Hoardings
50:10 Chemistry
49:21 Masonry
50:54 Plate Barding Armor
交保候傳
10:56 Feudal Age
15:48 Castle Age
14:40 Double-Bit Axe
14:56 Horse Collar
17:01 Bow Saw
17:07 Heavy Plow
28:41 Imperial Age
26:49 Wheelbarrow
26:01 Loom
26:01 Town Watch
27:08 Hand Cart
26:51 Gold Mining
27:00 Fletching
27:44 Town Patrol
28:16 Thumb Ring
27:36 Elite Skirmisher
29:28 Ballistics
29:09 Stone Mining
29:52 Paper Money
31:20 Two-Man Saw
30:19 Bodkin Arrow
30:25 Padded Archer Armor
31:36 Chemistry
30:17 Treadmill Crane
32:26 Crop Rotation
32:05 Bracer
31:53 Imperial Skirmisher
33:07 Leather Archer Armor
33:44 Stone Shaft Mining
33:26 Elite Rattan Archer
38:31 Ring Archer Armor
39:10 Chatras
40:29 Scale Barding Armor
40:35 Forging
40:00 Onager
-J&R- bandit
11:14 Feudal Age
14:45 Castle Age
13:29 Double-Bit Axe
13:55 Horse Collar
16:00 Loom
16:01 Town Watch
19:29 Bow Saw
23:01 Wheelbarrow
22:56 Fletching
24:35 Gold Mining
28:01 Imperial Age
25:38 Stone Mining
26:23 Bloodlines
26:13 Husbandry
26:50 Husbandry
26:58 Scale Barding Armor
28:13 Forging
29:09 Coinage
28:09 Cavalier
30:22 Chain Barding Armor
33:26 Heavy Plow
34:08 Conscription
34:53 Plate Barding Armor
34:14 Bodkin Arrow
34:57 Iron Casting
35:13 Savar
36:19 Masonry
37:16 Padded Archer Armor
38:09 Kamandaran
38:44 Thumb Ring
39:14 Architecture
39:26 Ballistics
40:16 Chemistry
39:49 Crossbowman
40:49 Leather Archer Armor
42:26 Hoardings
41:20 Capped Ram
42:27 Light Cavalry
43:55 Hussar
ZHurald ZHurdrada
11:20 Feudal Age
12:01 Double-Bit Axe
11:57 Horse Collar
16:04 Castle Age
18:57 Heavy Plow
19:08 Bow Saw
25:08 Wheelbarrow
24:18 Loom
24:20 Town Watch
24:29 Town Watch
26:59 Hand Cart
26:40 Gold Mining
26:44 Stone Mining
32:34 Imperial Age
30:08 Treadmill Crane
31:40 Bloodlines
31:30 Husbandry
31:33 Silk Armor
32:13 Gold Shaft Mining
31:53 Forging
31:49 Scale Barding Armor
32:37 Fletching
32:48 Padded Archer Armor
33:23 Iron Casting
33:11 Ballistics
32:47 Murder Holes
33:02 Masonry
33:28 Bodkin Arrow
33:02 Heavy Cavalry Archer
34:46 Chemistry
35:03 Conscription
35:05 Chain Barding Armor
35:43 Light Cavalry
36:26 Bracer
38:41 Leather Archer Armor
39:28 Blast Furnace
39:13 Plate Barding Armor
39:56 Ring Archer Armor
39:33 Siege Engineers
40:09 Scale Mail Armor
40:21 Masonry
39:47 Hussar
42:34 Elite Keshik
43:25 Timurid Siegecraft
46:26 Crop Rotation
46:08 Fortified Wall
48:58 Fervor
thomasboy
0:32 Loom
10:13 Feudal Age
10:52 Double-Bit Axe
12:29 Wheelbarrow
12:40 Horse Collar
21:24 Castle Age
19:43 Arson
20:01 Scale Mail Armor
19:58 Stone Mining
20:17 Man-at-Arms
20:57 Gold Mining
22:39 Bow Saw
22:46 Squires
22:32 Gambesons
22:07 Pikeman
22:15 Long Swordsman
23:14 Forging
24:47 Iron Casting
25:44 Hand Cart
25:52 Heavy Plow
26:41 Stone Shaft Mining
29:22 Gold Shaft Mining
33:28 Imperial Age
32:18 Town Watch
33:00 Chain Mail Armor
33:20 Eagle Warrior
33:52 Fletching
35:32 Conscription
34:43 Capped Ram
36:23 Crop Rotation
35:16 Two-Handed Swordsman
36:25 Garland Wars
36:05 Treadmill Crane
36:30 Champion
38:55 Elite Eagle Warrior
41:26 Town Patrol
44:21 Murder Holes
44:37 Fortified Wall
44:47 Ballistics
45:30 Blast Furnace
45:00 Plate Mail Armor
46:13 Bodkin Arrow
47:00 Siege Engineers
coldmoon
0:26 Loom
11:58 Feudal Age
15:41 Castle Age
13:31 Double-Bit Axe
13:53 Horse Collar
16:45 Bow Saw
16:38 Heavy Plow
21:45 Stone Mining
22:24 Gold Mining
23:44 Wheelbarrow
24:05 Town Watch
24:59 Stone Shaft Mining
25:55 Hand Cart
29:47 Imperial Age
27:55 Thumb Ring
27:42 Fletching
27:53 Padded Archer Armor
29:01 Gold Shaft Mining
28:25 Bodkin Arrow
28:55 Fortified Wall
29:06 Ballistics
29:18 Leather Archer Armor
29:45 Masonry
29:46 Bloodlines
30:04 Town Patrol
30:16 Husbandry
31:13 Conscription
31:09 Bracer
32:02 Parthian Tactics
33:07 Elite Mangudai
35:31 Siege Engineers
36:27 Chemistry
墨寞MOMO
10:00 Loom
11:54 Feudal Age
16:32 Castle Age
14:59 Double-Bit Axe
15:40 Horse Collar
17:41 Bow Saw
19:00 Wheelbarrow
18:46 Heavy Plow
26:03 Gold Mining
26:30 Stone Mining
28:09 Hand Cart
28:57 Gold Shaft Mining
28:34 Forging
28:25 Scale Mail Armor
28:16 Fletching
28:50 Fletching
31:58 Imperial Age
29:01 Pikeman
29:01 Man-at-Arms
29:41 Squires
30:27 Iron Casting
30:11 Chain Mail Armor
30:10 Town Watch
29:57 Long Swordsman
31:59 Capped Ram
31:59 Onager
32:02 Halberdier
33:47 Blast Furnace
33:24 Plate Mail Armor
32:43 Two-Handed Swordsman
33:51 Conscription
35:07 Two-Man Saw
34:39 Crop Rotation
34:08 Bodkin Arrow
34:31 Siege Ram
35:34 Siege Onager
37:24 Chemistry
37:11 Siege Engineers
37:25 Champion
41:12 Padded Archer Armor
41:17 Scale Barding Armor
40:48 Siege Ram
44:07 Leather Archer Armor
43:48 Murder Holes
44:20 Ballistics
47:20 Druzhina
48:06 Elite Boyar
48:48 Detinets
51:06 Chain Barding Armor
蒸汽机器人
2:32 Loom
10:31 Feudal Age
11:01 Double-Bit Axe
11:37 Horse Collar
19:47 Castle Age
18:06 Gold Mining
18:37 Stone Mining
21:21 Bow Saw
22:20 Heavy Plow
24:50 Wheelbarrow
25:58 Stone Shaft Mining
25:57 Bloodlines
27:36 Town Watch
30:50 Imperial Age
29:51 Forging
29:47 Scale Barding Armor
29:32 Fletching
30:50 Fortified Wall
31:02 Ballistics
30:56 Masonry
30:19 Pikeman
31:01 Squires
30:47 Gambesons
31:59 Hand Cart
32:43 Crop Rotation
33:19 Conscription
33:12 Murder Holes
33:36 Bodkin Arrow
34:46 Block Printing
36:40 Iron Casting
40:17 Blast Furnace
39:37 Chain Barding Armor
39:41 Husbandry
39:49 Town Patrol
42:46 Blast Furnace
42:05 Elite Monaspa
44:47 Cavalier
45:50 Chain Barding Armor
Connection lost

Rejoining the realm…

Still unreachable

The connection could not be restored.

Session expired

The server has moved on; the page needs a fresh start.